 Dungeon Crawl Stone Soup version 0.14.0-6-g1bc2dff (webtiles) character file.

2005 Kanakotka the Reanimator (level 8, -4/52 HPs)
             Began as a Mummy Necromancer on Apr 12, 2014.
             Slain by an orc warrior
             ... wielding a +0,+1 dire flail
              (15 damage)
             ... on Level 7 of the Dungeon.
             The game lasted 00:49:33 (10079 turns).

Kanakotka the Reanimator (Mummy Necromancer)       Turns: 10079, Time: 00:49:33

HP  -4/52        AC  4     Str 11      XL: 8   Next: 64%
MP   2/19        EV 13     Int 16      God:
Gold 384         SH  0     Dex 12      Spells:  4 memorised,  4 levels left

rFire  x . .     SeeInvis .     d - +0,+3 quarterstaff (speed)
rCold  + . .     Clarity  .     a - +1 robe
rNeg   + + +     Conserve +     (no shield)
rPois  +         rCorr    .     (no helmet)
rElec  .         rRot     +     g - +0 cloak
SustAb + .       Spirit   .     (no gloves)
rMut   .         Warding  .     (no boots)
Saprov . . .     Stasis   .     l - amulet of conservation
MR     +....                    (no ring)
                                o - ring of sustain abilities

@: somewhat resistant to hostile enchantments, stealthy
A: no food or potions, fire vulnerability, restore body, cold resistance 1, life
protection 3, poison resistance, torment resistance, unbreathing
a: no special abilities


You were on level 7 of the Dungeon.
You were not hungry.

You visited 1 branch of the dungeon, and saw 8 of its levels.

You collected 384 gold pieces.

Inventory:

Hand weapons
 d - a +0,+3 quarterstaff of speed (weapon)
 q - the cursed +7,+11 mace of the Walnut {freeze, Int-3 Curse}
   (You found it on level 7 of the Dungeon)

   It has been specially enchanted to freeze those struck by it, causing extra
   injury to most foes and up to double damage against particularly susceptible
   opponents.
   It can also slow down cold-blooded creatures.
   It affects your intelligence (-3).
   It may recurse itself when equipped.
   It has a curse placed upon it.
Armour
 a - a +1 robe (worn)
 g - a +0 cloak (worn)
Magical devices
 f - a wand of random effects (14)
 j - a wand of cold (4)
 p - a wand of magic darts (11)
Scrolls
 c - 5 scrolls of teleportation
 k - a scroll of enchant weapon I
 m - a scroll of enchant armour
 n - 2 scrolls of amnesia
Jewellery
 e - an uncursed amulet of stasis
 l - an amulet of conservation (around neck)
 o - a ring of sustain abilities (left hand)
Books
 b - a book of Necromancy

   Spells                             Type                      Level
   *Pain                              Necromancy                   1
   Animate Skeleton                   Necromancy                   1
   Lethal Infusion                    Charms/Necromancy            2
   *Vampiric Draining                 Necromancy                   3
   Regeneration                       Charms/Necromancy            3
   *Animate Dead                      Necromancy                   4
   *Control Undead                    Necromancy                   4
 i - the Compendium of the Compass
   (You found it on level 5 of the Dungeon)

   Spells                             Type                      Level
   Apportation                        Translocation                1
   Passage of Golubria                Translocation                4
   Warp Weapon                        Charms/Translocation         5
   Summon Forest                      Summoning/Translocation      5


   Skills:
 + Level 4.3 Dodging
 - Level 4.0 Stealth
 + Level 4.9 Spellcasting
 * Level 8.4 Necromancy


You had 4 spell levels left.
You knew the following spells:

 Your Spells              Type           Power        Failure   Level  Hunger
a - Pain                  Necr           ####         1%          1    N/A
b - Vampiric Draining     Necr           ####......   1%          3    N/A
c - Animate Dead          Necr           N/A          6%          4    N/A
d - Control Undead        Necr           ####......   6%          4    N/A

Dungeon Overview and Level Annotations

Branches:
Dungeon (8/15)
 Temple: D:4-7         Lair: D:8-11

Altars:
Ashenzari
Elyvilon
Trog
Xom

Shops:
D:5 (

Annotations:
D:3 Grinder
D:4 Pikel
D:6 Bonarez's ghost, experienced DrAK


Innate Abilities, Weirdness & Mutations

You do not eat or drink.
Your flesh is vulnerable to fire.
Your flesh is cold resistant.
You are immune to negative energy.
Your system is resistant to poisons.
You are immune to unholy pain and torment.
You can survive without breathing.


Message History

Confirm with . or Enter, or press ? or * to list all spells.
Nothing appears to happen.
Your bat zombie hits the orc warrior but does no damage.
The orc warrior barely misses you.
Your bat zombie barely misses the orc warrior.
Unknown command.
Casting: Control Undead
Confirm with . or Enter, or press ? or * to list all spells.
Nothing appears to happen.
Your bat zombie closely misses the orc warrior.
Your bat zombie hits the orc warrior but does no damage.
Casting: Control Undead
Confirm with . or Enter, or press ? or * to list all spells.
Aiming: Vampiric Draining
Press: ? - help, Shift-Dir - straight line, f/p - orc warrior
Aim: an orc warrior, wielding a dire flail and wearing a glowing plate armour (moderately wounded) Nothing appears to happen.
Your bat zombie hits the orc warrior but does no damage. x2
The orc warrior hits you with a dire flail!
You die...

...#
##z...#
...#
##...###
...#
#.....#
..##
##....##
..#
#.....##
.##
###....#
.# ##...##
#####
#....###
#...###
##.@...#
.[....#
#.o...##
......##
###zz..##
..#z...##
#...).#
.###....##
###...# .#
#.....#
###....#
## ###...#
#......#
## #....#
##....###
.# #.>.##
##.>...#


You could see an orc warrior, a friendly bat zombie and a friendly jackal
zombie.

Vanquished Creatures
  Prince Ribbit (D:6)
  Eustachio (D:4)
  4 slaves
  An orc warrior (D:6)
  An ogre (D:4)
  A centaur (D:5)
  2 ice beasts
  2 scorpions
  An eye of draining (D:8)
  An electric eel (D:8)
  A crimson imp (D:7)
  An orc priest (D:5)
  5 hounds
  An orc wizard (D:7)
  2 worker ants
  5 adders
  2 worms
  A giant eyeball (D:7)
  8 giant geckos
  An ooze (D:3)
  11 orcs
  Natasha (D:4)
  A ball python (D:3)
  11 bats
  17 hobgoblins
  15 kobolds
  3 quokkas
  2 giant cockroaches
  6 giant newts
  11 goblins
  2 jackals (D:7)
  An orc skeleton (D:5)
  18 rats
  4 butterflies (D:4)
145 creatures vanquished.

Vanquished Creatures (collateral kills)
  A sky beast (D:6)
  Blork the orc (D:4)
  A hound (D:5)
  A crimson imp (D:4)
  A black bear zombie (D:6)
  An iguana (D:6)
  An orc priest (D:5)
  An orc wizard (D:5)
  Natasha (twice) (D:4)
  2 adders
  An inept feature mimic (D:2)
  An adder skeleton (D:5)
  2 orcs
  A bat (D:4)
  A bat skeleton (D:5)
  2 hobgoblins
  A quokka (D:4)
  2 giant newts (D:1)
  A hobgoblin skeleton (D:6)
  A kobold (D:1)
  2 ballistomycetes (D:6)
27 creatures vanquished.

Vanquished Creatures (others)
  An ogre zombie (D:4)
  A hound zombie (D:6)
  A worker ant zombie (D:5)
  4 human zombies
  2 scorpion zombies
  A worm zombie (D:3)
  An adder zombie (D:3)
  A felid zombie (D:4)
  An iguana zombie (D:6)
  An adder skeleton (D:3)
  4 bat skeletons
  A bat zombie (D:6)
  A ball python zombie (D:3)
  A giant cockroach zombie (D:5)
  2 giant gecko skeletons
  4 giant gecko zombies
  2 giant newt skeletons
  A giant spore (D:6)
  2 goblin skeletons
  3 hobgoblin skeletons
  4 hobgoblin zombies
  A kobold skeleton (D:2)
  4 kobold zombies
  2 orc skeletons (D:3)
  5 orc zombies
  A quokka skeleton (D:3)
  2 quokka zombies
  A rat (D:6)
  3 rat skeletons
  5 rat zombies
  A ballistomycete (D:6)
64 creatures vanquished.

Grand Total: 236 creatures vanquished

Notes
Turn   | Place    | Note
--------------------------------------------------------------
     0 | D:1      | Kanakotka, the Mummy Necromancer, began the quest for the Orb.
     0 | D:1      | Reached XP level 1. HP: 13/13 MP: 3/3
   109 | D:1      | Reached XP level 2. HP: 14/19 MP: 0/4
   531 | D:1      | Learned a level 1 spell: Animate Skeleton
  1423 | D:2      | Reached XP level 3. HP: 24/24 MP: 4/6
  1975 | D:2      | Reached XP level 4. HP: 30/30 MP: 4/8
  2928 | D:3      | Reached skill level 5 in Necromancy
  2936 | D:3      | Learned a level 4 spell: Animate Dead
  3400 | D:3      | Reached XP level 5. HP: 31/35 MP: 4/9
  3438 | D:3      | Noticed Grinder
  4574 | D:4      | Noticed Blork the orc
  5046 | D:4      | Noticed an ogre
  5110 | D:4      | Killed an ogre
  5110 | D:4      | Reached XP level 6. HP: 41/41 MP: 1/11
  5231 | D:4      | Learned a level 4 spell: Control Undead
  5353 | D:4      | Noticed Natasha
  5354 | D:4      | Found a shattered altar of Ashenzari.
  5354 | D:4      | Found a white marble altar of Elyvilon.
  5366 | D:4      | Killed Natasha
  5526 | D:4      | Noticed Eustachio
  5578 | D:4      | Your ally Natasha died
  5589 | D:4      | Found a shimmering altar of Xom.
  5590 | D:4      | Killed Eustachio
  5590 | D:4      | Reached skill level 6 in Necromancy
  5606 | D:4      | Killed Blork the orc
  5656 | D:4      | Noticed Natasha
  5663 | D:4      | Killed Natasha
  5729 | D:4      | Noticed Natasha
  5732 | D:4      | Killed Natasha
  5951 | D:4      | Your ally Eustachio died
  5990 | D:5      | Entered Level 5 of the Dungeon
  5990 | D:5      | Found a bloodstained altar of Trog.
  6004 | D:5      | Noticed Pikel
  6248 | D:4      | Your ally Blork died
  6403 | D:4      | Reached XP level 7. HP: 41/46 MP: 11/15
  6890 | D:5      | Identified the Compendium of the Compass
  6947 | D:5      | Learned a level 3 spell: Vampiric Draining
  7358 | D:5      | Found Klyo's Weapon Emporium.
  7729 | D:6      | Reached skill level 7 in Necromancy
  8122 | D:6      | Reached XP level 8. HP: 38/52 MP: 6/18
  8435 | D:6      | Noticed Prince Ribbit
  8470 | D:6      | Killed Prince Ribbit
  8767 | D:6      | Noticed Bonarez's ghost (experienced DrAK)
  9004 | D:6      | Reached skill level 8 in Necromancy
  9007 | D:6      | Your ally Prince Ribbit died
  9281 | D:7      | Got a crude mace
  9282 | D:7      | Identified the cursed +7,+11 mace of the Walnut {freeze, Int-3 Curse} (You found it on level 7 of the Dungeon)
 10079 | D:7      | Slain by an orc warrior

Action                   |  1- 3 |  4- 6 |  7- 9 || total
-------------------------+-------+-------+-------++-------
Melee: Unarmed           |    64 |    18 |    18 ||   100
       Quarterstaff      |       |       |    31 ||    31
 Cast: Pain              |    65 |   162 |   155 ||   382
       Animate Skeleton  |    15 |    16 |       ||    31
       Animate Dead      |       |    25 |    33 ||    58
       Control Undead    |       |     1 |     8 ||     9
       Vampiric Draining |       |       |     9 ||     9
Evoke: Wand              |       |       |     2 ||     2
  Use: Scroll            |     6 |     7 |     4 ||    17
